 Dungeon Crawl Stone Soup version 0.30-a0-782-ge64f9170bb (webtiles) character file.

Game seed: 13737933828459624764

9191 Lavandula the Carver (level 11, -5/75 HPs)
             Began as a Human Monk on Feb 20, 2023.
             Was a Priest of Elyvilon.
             Slain by a centaur warrior simulacrum (33 damage)
             ... on level 11 of the Dungeon.
             The game lasted 00:21:49 (12027 turns).

Lavandula the Carver (Human Monk)                  Turns: 12027, Time: 00:21:49

Health: -5/75      AC:  6    Str: 22    XL:     11   Next: 69%
Magic:  17/17      EV: 13    Int: 11    God:    Elyvilon [***...]
Gold:   547        SH:  6    Dex: 23    Spells: 8/10 levels left

rFire   . . .      SeeInvis .    n - +4 falchion of Impeachment {heavy, +Blink rC- Dex+2}
rCold   x . .      Faith    .    M - +0 buckler
rNeg    . . .      Spirit   .    R - +0 troll leather armour
rPois   .          Reflect  .    y - +0 helmet
rElec   .          Harm     .    (no cloak)
rCorr   .          Rampage  .    (no gloves)
Will    .....                    s - +0 pair of boots
Stlth   ++                       O - amulet of the acrobat
HPRegen 1.12/turn                j - +6 ring of dexterity
MPRegen 0.15/turn                G - +6 ring of strength

@: no status effects
A: no striking features
a: Renounce Religion, Evoke Blink, Purification, Heal Other, Heal Self


You were on level 11 of the Dungeon.
You worshipped Elyvilon.
Elyvilon was most pleased with you.
You visited 2 branches of the dungeon, and saw 12 of its levels.
You also visited: Sewer.

You collected 589 gold pieces.
You spent 42 gold pieces at shops.

Inventory:

Hand Weapons
 a - a +0 falchion
 n - the +4 falchion of Impeachment (weapon) {heavy, +Blink rC- Dex+2}
   (You found it in a sewer)

   Dex:       It affects your dexterity (+2).
   rC:        It makes you vulnerable to cold.
   +Blink:    It lets you blink.
 J - a +1 short sword of holy wrath
 P - a +4 falchion
 Q - a +3 scimitar
Missiles
 g - 2 datura-tipped darts
 E - 11 poisoned darts (quivered)
Armour
 b - a +0 robe
 s - a +0 pair of boots (worn)
 w - a +0 scale mail
 y - a +0 helmet (worn)
 F - +0 steam dragon scales
 M - a +0 buckler (worn)
 R - a +0 troll leather armour (worn)
Jewellery
 j - a +6 ring of dexterity (left hand)
 v - a ring of protection from fire
 G - a +6 ring of strength (right hand)
 O - an amulet of the acrobat (around neck)
 S - a ring of wizardry
Wands
 o - a wand of flame (40)
 B - a wand of iceblast (23)
 L - a wand of polymorph (2)
 N - a wand of paralysis (2)
Scrolls
 d - 2 scrolls of enchant weapon
 k - a scroll of vulnerability {unknown}
 m - 3 scrolls of magic mapping
 q - a scroll of poison {unknown}
 x - 2 scrolls of blinking {unknown}
 A - 5 scrolls of fear {unknown}
 C - 2 scrolls of immolation
 D - 4 scrolls of teleportation {unknown}
 K - a scroll of amnesia {unknown}
 T - 2 scrolls of identify
Potions
 c - 2 potions of ambrosia
 e - 4 potions of might
 f - 3 potions of magic
 h - 4 potions of cancellation
 i - 2 potions of attraction {unknown}
 l - 8 potions of mutation
 p - 7 potions of heal wounds
 r - 6 potions of curing
 t - 3 potions of lignification
 u - a potion of resistance {unknown}
 z - 3 potions of berserk rage {unknown}
 H - 2 potions of haste {unknown}
 I - 2 potions of invisibility {unknown}


   Skills:
 - Level 3.0 Fighting
 - Level 9.5(11.8) Short Blades
 + Level 11.3(12.7) Long Blades
 - Level 3.2 Armour
 - Level 3.0 Dodging
 - Level 2.0 Stealth
 - Level 4.7 Shields
 - Level 8.7 Invocations


You had 8 spell levels left.
You knew the following spells:

 Your Spells              Type           Power      Damage    Failure   Level
a - Blink                 Tloc           0%         N/A       63%         2

Your spell library contained the following spells:

 Spells                   Type           Power      Damage    Failure   Level
 Beastly Appendage        Tmut           0%         N/A       47%         1
 Foxfire                  Conj/Fire      0%         2x1d4     47%         1
 Static Discharge         Conj/Air       0%         2-2/arc   63%         2
 Wereblood                Tmut           0%         N/A       63%         2
 Spider Form              Tmut/Pois      0%         N/A       85%         3
 Vhi's Electric Charge    Tloc/Air       0%         N/A       85%         3
 Manifold Assault         Tloc           0%         N/A       99%         4
 Arcjolt                  Conj/Air       0%         1d10      100%        5
 Fireball                 Conj/Fire      0%         3d3       100%        5
 Iskenderun's Battlesphe  Conj           0%         2d6       100%        5
 Lightning Bolt           Conj/Air       0%         1d11      100%        5
 Iron Shot                Conj/Erth      0%         9d1       100%        6
 Starburst                Conj/Fire      0%         6d3       100%        6
 Spellforged Servitor     Conj/Summ      0%         N/A       100%        7
 Storm Form               Tmut/Air       0%         N/A       100%        7


Dungeon Overview and Level Annotations

Branches:
Dungeon (11/15)            Temple (1/1) D:6            Lair (0/5) D:8
  Sewer (visited)
    Orc: D:9-12

Altars:
Cheibriados
Dithmenos
Elyvilon
Fedhas
Gozag
Hepliaklqana
Kikubaaqudgha
Makhleb
Okawaru
Qazlal
Ru
Sif Muna
Trog
Vehumet
Wu Jian
Zin
The Shining One

Shops:
D:8 *   D:10 ==:?(   D:11 [

Annotations:
D:5 2 transporters, Touch's ghost, amateur DsMo
D:7 Joseph
D:9 3 runed translucent doors, Zolda's ghost, novice MiBe
Temple 2 transporters


Message History

No target in view!
No target in view!
Okay, then.
T - a scroll of identify
Items here: ( )) [ †.
Found a dagger.
T - 2 scrolls of identify (gained 1)
Things that are here:
a +0 dagger; a +0 robe
Things that are here:
a +0 short sword; a +0 leather armour; an orc corpse
Items here: ( )) [ †.
A centaur warrior simulacrum comes into view.
Something barely misses you.
A centaur warrior simulacrum is nearby!
A centaur warrior simulacrum is nearby!
You block something's attack.
Deactivating autopickup; reactivate with Ctrl-A.
Aiming: Throw Flame
Press: ? - help, Shift-Dir - straight line, f - centaur warrior simulacrum
Aim: a centaur warrior simulacrum (97% to hit)
The puff of flame hits the centaur warrior simulacrum.
The centaur warrior simulacrum melts!
The centaur warrior simulacrum is lightly damaged.
Something hits you but does no damage.
Aiming: Throw Flame
Press: ? - help, Shift-Dir - straight line, f/p - centaur warrior simulacrum
Aim: a centaur warrior simulacrum (lightly damaged, 97% to hit)
The puff of flame hits the centaur warrior simulacrum!
The centaur warrior simulacrum melts!
The centaur warrior simulacrum is heavily damaged.
Something hits you but does no damage. x2
The centaur warrior simulacrum hits you.
The centaur warrior simulacrum freezes you!!!
You feel a terrible chill!
Ouch! That really hurt!
The centaur warrior simulacrum kicks you.
The centaur warrior simulacrum freezes you!!
You feel a terrible chill!
You die...

.......#######...#
.#####.# ###.# #.#
#..# #.# #..# #
####.#### #..# #
#.......# #..# #
#..#.#..#####..#
###..#.#..(......#
.##.............@#
................Z#
###.......#####..#
# ##......# #..# #
##.##### #... #.#
#... #####.# #...
......# ##...
#######


You could see a centaur warrior simulacrum.

Vanquished Creatures
  A boulder beetle (D:11)
  A kobold demonologist (D:10)
  2 trolls
  Sigmund (D:4)
  8 yaks
  A shadow (D:9)
  2 wraiths
  2 steam dragons (D:6)
  Menkaure (D:7)
  3 water moccasins
  Duvessa (D:6)
  5 orc warriors
  2 black bears (D:5)
  2 ice beasts (D:6)
  A centaur (D:10)
  3 ogres
  3 phantoms
  Blork the orc (D:6)
  2 kobold brigands
  2 bullfrogs (D:7)
  A gnoll sergeant (D:9)
  2 necrophages (D:6)
  4 scorpions
  15 wights
  9 killer bees
  2 howler monkeys (D:8)
  4 hounds
  8 orc priests
  4 iguanas
  6 orc wizards
  Robin (D:3)
  4 river rats (Sewer)
  12 adders
  11 gnolls
  A shadow imp (D:8)
  A white imp (D:5)
  3 worms
  5 dart slugs
  27 orcs
  6 endoplasms
  5 giant cockroaches
  16 goblins
  12 hobgoblins
  9 jackals
  3 quokkas
  9 ball pythons
  8 bats
  A frilled lizard (D:2)
  32 kobolds
  20 rats
285 creatures vanquished.

Vanquished Creatures (collateral kills)
  Dowan (D:6)
  2 gnolls (D:2)
3 creatures vanquished.

Vanquished Creatures (others)
  A wizard (D:8)
  A vampire (D:10)
  A yak (D:8)
  A steam dragon (D:9)
  An orc priest (D:10)
  3 gnolls (D:9)
  A shadow imp (D:6)
  An orc (D:10)
  8 fungi (D:8)
  15 plants
33 creatures vanquished.

Grand Total: 321 creatures vanquished

Notes
Turn   | Place    | Note
-------+----------+-------------------------------------------
     0 | D:1      | Lavandula the Human Monk began the quest for the Orb.
     0 | D:1      | Reached XP level 1. HP: 18/18 MP: 1/1
    87 | D:1      | Reached XP level 2. HP: 9/24 MP: 2/2
   246 | D:1      | Reached skill level 4 in Long Blades
   246 | D:1      | Reached XP level 3. HP: 29/29 MP: 3/3
   301 | D:1      | You fall into a shaft and drop 1 floor!
   780 | D:1      | Reached skill level 1 in Short Blades
   783 | D:1      | Reached XP level 4. HP: 30/35 MP: 4/4
  1194 | D:2      | Reached XP level 5. HP: 35/41 MP: 5/5
  2216 | D:3      | Learned a level 2 spell: Blink
  2336 | D:3      | Found a glowing silver altar of Zin.
  2550 | D:4      | Noticed Sigmund
  2551 | D:4      | Noticed a phantom
  2580 | D:4      | Found an opulent altar of Gozag.
  2595 | D:3      | Killed a phantom
  2596 | D:3      | Reached XP level 6. HP: 13/47 MP: 6/6
  2750 | D:4      | Noticed Robin
  2769 | D:3      | Killed Robin
  2837 | D:4      | Reached skill level 5 in Short Blades
  2900 | D:4      | Noticed a water moccasin
  2901 | D:4      | Noticed an ogre
  2917 | D:4      | Killed a water moccasin
  2918 | D:4      | Reached XP level 7. HP: 25/52 MP: 7/7
  3097 | D:5      | Entered Level 5 of the Dungeon
  3367 | D:5      | Noticed a water moccasin
  3386 | D:5      | Killed a water moccasin
  3478 | D:5      | Reached XP level 8. HP: 55/58 MP: 8/8
  3491 | D:5      | Found a transporter.
  3492 | D:5      | Found a transporter.
  3494 | D:5      | Identified the ring of Propriety {rElec Will+}
  3499 | D:5      | Noticed Touch's ghost (amateur DsMo)
  3596 | D:5      | Found a glowing golden altar of the Shining One.
  4038 | D:6      | Noticed Blork the orc
  4055 | D:6      | Killed Blork the orc
  4066 | D:6      | Found a sacrificial altar of Ru.
  4163 | D:6      | Reached skill level 1 in Armour
  4192 | D:6      | Found a staircase to the Ecumenical Temple.
  4207 | Temple   | Entered the Ecumenical Temple
  4207 | Temple   | Found a transporter.
  4207 | Temple   | Found a transporter.
  4209 | Temple   | Found a transporter.
  4209 | Temple   | Found a transporter.
  4221 | Temple   | Became a worshipper of Elyvilon the Healer
  4221 | Temple   | Reached * piety under Elyvilon
  4221 | Temple   | Reached ** piety under Elyvilon
  4291 | D:6      | Reached XP level 9. HP: 41/63 MP: 9/9
  4298 | D:6      | Noticed Duvessa
  4341 | D:6      | Noticed Dowan
  4347 | D:6      | Killed Dowan
  4427 | D:6      | Killed Duvessa
  4470 | D:6      | Found a glowing drain.
  4514 | Sewer    | Entered a sewer
  4567 | Sewer    | Identified the +4 falchion of Impeachment {heavy, +Blink
                  | rC- Dex+2}
  5210 | D:6      | Reached skill level 5 in Long Blades
  5471 | D:7      | Found a blossoming altar of Fedhas.
  5512 | D:7      | Reached skill level 6 in Long Blades
  5745 | D:7      | Noticed Joseph
  5968 | D:7      | Reached skill level 7 in Long Blades
  5982 | D:7      | HP: 1/61 [ogre/+0 giant club (18)]
  6187 | D:6      | Reached XP level 10. HP: 68/70 MP: 13/13
  6411 | D:7      | Reached skill level 8 in Long Blades
  6492 | D:7      | Noticed Menkaure
  6499 | D:7      | Killed Menkaure
  6500 | D:7      | Reached skill level 5 in Invocations
  6863 | D:7      | HP: 3/70 [poisoned by a killer bee]
  7234 | D:4      | Reached *** piety under Elyvilon
  7568 | D:4      | Killed Sigmund
  7927 | D:8      | Found a bloodstained altar of Trog.
  8255 | D:9      | Reached skill level 9 in Long Blades
  8535 | D:9      | Reached XP level 11. HP: 59/75 MP: 17/17
  8756 | D:9      | Found a hazy altar of Hepliaklqana.
  8850 | D:9      | Found a snail-covered altar of Cheibriados.
  8985 | D:9      | Found a runed translucent gate.
  8985 | D:9      | Found a runed translucent gate.
  8985 | D:9      | Found a runed translucent gate.
  8986 | D:9      | Noticed Zolda's ghost (novice MiBe)
  8987 | D:9      | Noticed a two-headed ogre
  8995 | D:9      | Noticed a tengu warrior
  9066 | D:9      | Reached skill level 10 in Long Blades
  9148 | D:9      | Found an ornate altar of the Wu Jian Council.
  9166 | D:9      | Reached skill level 1 in Shields
  9538 | D:9      | Found a burning altar of Makhleb.
 10026 | D:8      | Noticed an angel
 10072 | D:8      | Found a staircase to the Lair.
 10143 | D:8      | Found Kipt's Hallowed Reliquary.
 10158 | D:8      | Bought a potion of curing for 42 gold pieces
 10265 | D:8      | Noticed a wizard
 10271 | D:8      | Killed a wizard
 10594 | D:10     | Entered Level 10 of the Dungeon
 10621 | D:10     | Found Qunwehe's Book Boutique.
 10661 | D:10     | Found Wewa Gil's Jewellery Boutique.
 10964 | D:10     | Found a shadowy altar of Dithmenos.
 11010 | D:10     | Found Juuqyol's Weapon Emporium.
 11305 | D:10     | Found Samagrib's Magic Scroll Shop.
 11340 | D:10     | Identified the +1 robe of the Centipede {+Inv Str+4}
 11439 | D:10     | Found Asizxuq's Jewellery Boutique.
 11814 | D:11     | Found Qaoces's Armour Boutique.
 11823 | D:11     | Noticed a boulder beetle
 11852 | D:11     | Killed a boulder beetle
 11853 | D:11     | Reached skill level 11 in Long Blades
 12027 | D:11     | Slain by a centaur warrior simulacrum

Illustrated notes

Levels and vault maps discovered:
D:1:      eino_arrival_cavern_d, layout_rooms
D:2:      layout_loops_ring, kennysheep_generic_room_13
D:3:      layout_basic, mainiacjoe_overflow_alcove_4
D:4:      layout_cave_pools, nicolae_overflow_hidden_temple, kennysheep_path_1,
          uniq_sigmund, uniq_robin
D:5:      layout_basic, lemuel_round_altar, gammafunk_ghost_gnarly_gnolls
D:6:      layout_rooms, nicolae_ru_awakened_eye, temple_fountains,
          gup_sewer_entry_glass, uniq_duvessa, uniq_blork_the_orc
D:7:      layout_rooms, overflow_temple_1_default, mainiacjoe_overflow_alcove_3,
          kennysheep_doodads, uniq_menkaure, uniq_joseph
D:8:      layout_basic, trog_wizard, grunt_lair_entry_orc_guard_hut,
          nicolae_good_shop
D:9:      layout_rooms, cheibriados_altar_1, worldfamousw_hep_ancestral_shrine,
          nicolae_wu_jian_wuxing_cycle, mainiacjoe_overflow_alcove_1,
          gammafunk_ghost_split
D:10:     layout_roguey, mainiacjoe_overflow_24_doors, serial_shops,
          nicolae_shop_bloodbath_and_beyond, shop, shop_statue,
          nicolae_shop_hallway_plus, nicolae_diamond_shop,
          nicolae_figureground_sparkle
D:11:     wander_kiku_kobolds, layout_loops_cross, orc_0_dummy,
          nicolae_take_the_stairs, grunt_ministairs_4
Temple:   hellmonk_temple_divided_pantheon

Skill      XL: |  1  2  3  4  5  6  7  8  9 10 11 |
---------------+----------------------------------+-----
Long Blades    | 4 7 9 11 | 11.3
Short Blades   | 1 2 4 6 7 9 |  9.5
Armour         | 2 3 |  3.2
Invocations    | 4 8 |  8.7
Shields        | 4 |  4.7
Fighting       | |  3.0
Dodging        | |  3.0
Stealth        | |  2.0

Action                     |  1- 3 |  4- 6 |  7- 9 | 10-12 || total
---------------------------+-------+-------+-------+-------++-------
  Melee: Falchion          |    51 |    11 |   223 |   308 ||   593
         Punch             |     1 |     5 |     2 |     3 ||    11
         Dagger            |    19 |   213 |   174 |       ||   406
  Throw: Dart              |       |     3 |     5 |    15 ||    23
 Invoke: Heal Other        |       |       |       |     9 ||     9
  Evoke: Wand              |       |       |    12 |     6 ||    18
    Use: Scroll            |       |     1 |     4 |     4 ||     9
         Potion            |       |       |     1 |       ||     1
   Stab: Sleeping          |     6 |     8 |     3 |     6 ||    23
         Distracted        |       |     1 |       |     1 ||     2
 Armour: Robe              |     8 |    17 |       |       ||    25
         Scale mail        |       |    57 |    60 |       ||   117
         Steam dragon scal |       |       |    85 |    87 ||   172
         Troll leather arm |       |       |       |     9 ||     9
  Dodge: Dodged            |    39 |   102 |   288 |   256 ||   685
  Block: Buckler           |       |       |       |    34 ||    34

Table legend: (Time is in decaauts)
 A = Elapsed time spent in this place.
 B = Non-inter-level travel time spent in this place.
 C = Inter-level travel time spent in this place.
 D = Time resting spent in this place.
 E = Time spent auto-exploring this place.
 F = Levels seen in this place.
 G = Mean time per level.
                   A        B        C        D        E       F      G
               +--------+--------+--------+--------+--------+-----+--------+
         Total |  12005 |  11391 |    614 |   1968 |   6714 |  13 |  923.5 |
       Dungeon |  11377 |  10763 |    614 |   1968 |   6349 |  11 | 1034.3 |
        Temple |     28 |     28 |      0 |      0 |      0 |   1 |   28.0 |
         Sewer |    598 |    598 |      0 |      0 |    365 |   1 |  598.0 |
               +--------+--------+--------+--------+--------+-----+--------+

Top non-repeatable levels by time:
     D:7: 1567 daAuts
     D:9: 1473 daAuts
     D:8: 1300 daAuts
     D:5: 1037 daAuts
     D:6: 1032 daAuts
    D:10: 1031 daAuts
     D:3: 980 daAuts
     D:2: 943 daAuts
     D:1: 819 daAuts
     D:4: 786 daAuts
   Sewer: 598 daAuts
    D:11: 403 daAuts
  Temple: 28 daAuts
